 Dungeon Crawl Stone Soup version 0.22-a0-240-g539252a (webtiles) character file.

135 sankara the Poker (level 4, -4/41 HPs)
             Began as a Minotaur Fighter on Feb 21, 2018.
             Slain by an ogre
             ... wielding a +0 giant club
              (25 damage)
             ... on level 4 of the Dungeon.
             The game lasted 00:03:31 (771 turns).

sankara the Poker (Minotaur Fighter)                 Turns: 771, Time: 00:03:31

Health: -4/41      AC:  6    Str: 22    XL:     4   Next: 96%
Magic:  3/3        EV:  7    Int:  5    God:
Gold:   105        SH:  9    Dex:  9    Spells: 3/3 levels left

rFire    . . .     SeeInvis .   a - +0 trident
rCold    . . .     Gourm    .   c - +0 shield
rNeg     . . .     Faith    .   b - +0 scale mail
rPois    +         Spirit   .   (helmet restricted)
rElec    .         Reflect  .   (no cloak)
rCorr    .         Harm     .   (no gloves)
MR       .....                  (no boots)
Stlth    ..........             (no amulet)
HPRegen  0.13/turn              i - ring of poison resistance {rPois, !d}
MPRegen  0.08/turn              (no ring)

@: no status effects
A: retaliatory headbutt, horns 2
a: no special abilities


You were on level 4 of the Dungeon.
You were not hungry.

You visited 1 branch of the dungeon, and saw 4 of its levels.

You collected 105 gold pieces.

Inventory:

Hand Weapons
 a - a +0 trident (weapon)
Missiles
 e - 8 curare-tipped needles
 g - 15 stones (quivered)
Armour
 b - a +0 scale mail (worn)
 c - a +0 shield (worn)
Jewellery
 i - a ring of poison resistance (left hand) {rPois, !d}
   (You found it on level 1 of the Dungeon)
Scrolls
 j - a scroll of remove curse
 m - a scroll of identify
Potions
 d - 2 potions of might
 k - a potion of haste {unknown}
 l - a potion of heal wounds {unknown}
 o - 2 potions of cancellation
 p - a potion of flight {unknown}
 q - a potion of degeneration {unknown}
Comestibles
 f - 2 rations
 h - 7 chunks of flesh {@w0}


   Skills:
 + Level 4.9 Fighting
 * Level 5.3 Polearms
 - Level 3.6 Armour
 - Level 3.6 Shields


You had 3 spell levels left.
You didn't know any spells.

Dungeon Overview and Level Annotations

Branches:
Dungeon (4/15)
 Temple: D:4-7

Altars:
Ru


Innate Abilities, Weirdness & Mutations

You reflexively headbutt those who attack you in melee.
You have a pair of horns on your head.


Message History

You miss the jackal. The jackal barely misses you.
You block the jackal's attack.
You hit the jackal.
The jackal is lightly wounded.
The jackal closely misses you.
You puncture the jackal!
You kill the jackal!
No target in view!
You see here a jackal corpse.
You butcher the jackal corpse.
h - 3 chunks of flesh {@w0} (gained 2)
A jackal comes into view.
A jackal and an orc come into view.
The jackal barks!
Your shield prevents you from hitting the orc.
Your headbutt misses the orc. The orc hits you with a mace.
The jackal barks!
You hit the orc.
You kill the orc!
You barely miss the jackal. You block the jackal's attack.
Your scale mail prevents you from hitting the jackal.
You hit the jackal.
The jackal is lightly wounded.
The jackal bites you but does no damage.
You block the jackal's attack.
You closely miss the jackal. You headbutt the jackal.
The jackal is almost dead.
The jackal bites you but does no damage.
The jackal bites you.
The jackal bites you but does no damage.
You block the jackal's attack.
You barely miss the jackal.
The jackal is almost dead.
The jackal barely misses you.
The jackal bites you but does no damage. x2
You hit the jackal.
You kill the jackal!
The jackal bites you. The jackal completely misses you.
You hit the jackal but do no damage.
You kill the jackal!
No target in view!
No target in view!
No target in view!
You now have 105 gold pieces (gained 9).
There isn't anything here!
Things that are here:
a mace; an orc corpse You butcher the orc corpse.
h - 7 chunks of flesh {@w0} (gained 4)
Things that are here:
a mace; an orc skeleton An orc comes into view.
It is wielding a trident.
An orc comes into view.
The orc shouts!
The orc moves out of view.
Attack whom?
Press: ? - help, Dir - move target cursor, f - orc
Aim: an orc, wielding a trident and wearing a leather armour You reach to attack!
You puncture the orc!
You kill the orc!
An orc comes into view. It is wielding a hand axe.
The orc shouts!
You hear a shout! x2
An orc comes into view. It is wielding a flail.
The orc shouts!
An ogre comes into view. It is wielding a giant club.
Things that are here:
a trident; a leather armour You barely miss the orc.
You block the orc's attack.
An orc comes into view. It is wielding a trident.
You hit the orc.
The orc is almost dead.
You block the orc's attack.
You closely miss the orc.
The orc is almost dead.
You block the orc's attack.
You closely miss the orc. Your headbutt misses the orc.
The orc is almost dead.
You block the ogre's attack. The orc hits you.
You hit the orc.
You kill the orc!
The ogre hits you with a giant club!
You are too injured to fight recklessly!
You are too injured to fight recklessly!
You are too injured to fight recklessly!
The orc hits you but does no damage.
You are too injured to fight recklessly!
You are too injured to fight recklessly!
Attack whom?
Press: ? - help, Dir - move target cursor, f - ogre
Aim: an ogre, wielding a giant club You reach to attack!
You hit the ogre.
The ogre is moderately wounded.
Attack whom?
Press: ? - help, Dir - move target cursor, f/p - ogre
Aim: an ogre, wielding a giant club (lightly wounded)
Your shield prevents you from hitting the ogre.
The ogre is lightly wounded.
The ogre hits you with a giant club!!
Ouch! That really hurt!
You die...

,,,,#,####...+,_⌠**...,,,,*******
,,,,#.#......+,_⌠*#...,,,,* *,,
****#......(##**##...,,,,,* **,
,,,.#?.....#####...##***********,
,,,.......o..........,,,,,,,,,,,,
,,*.#.#+#..o..#.##.#************,
,,,...*,#.....).##.####### *,
,,,.#**,#.....####.......##*****,
********##....oO@..........,,,,,,
*8***8***#.....###.......#*******
,,,8,,,8*#.....# #....)..# *,,
,,,,,,,.##.....#*#.......# ***,*
,,,,,,.._#......*#.......# *,,,*
,,,,,,..##.$....##.......####,***
,,,8,,.8##.#.##..#...........,*
*8***8##*#.#.,,..#.......###***
*********#,#.**#.........+,,,*


You could see an ogre and an orc.

Vanquished Creatures
  A scorpion (D:2)
  A centaur skeleton (D:4)
  2 adders
  A worm (D:3)
  A dart slug (D:1)
  A leopard gecko (D:1)
  3 orcs (D:4)
  3 giant cockroaches (D:1)
  5 goblins (D:1)
  5 hobgoblins (D:1)
  3 jackals (D:4)
  3 bats
  3 frilled lizards
  3 kobolds (D:1)
  2 rats (D:1)
37 creatures vanquished.

Notes
Turn   | Place    | Note
-------+----------+-------------------------------------------
     0 | D:1      | sankara the Minotaur Fighter began the quest for the Orb.
     0 | D:1      | Reached XP level 1. HP: 19/19 MP: 0/0
   153 | D:1      | Reached skill level 3 in Polearms
   157 | D:1      | Reached XP level 2. HP: 27/27 MP: 1/1
   353 | D:1      | Reached skill level 4 in Fighting
   416 | D:1      | Reached XP level 3. HP: 33/33 MP: 2/2
   485 | D:2      | Reached skill level 4 in Polearms
   491 | D:2      | Noticed a scorpion
   495 | D:2      | Killed a scorpion
   495 | D:2      | Reached XP level 4. HP: 41/41 MP: 3/3
   695 | D:4      | Reached skill level 5 in Polearms
   717 | D:4      | Found a sacrificial altar of Ru.
   754 | D:4      | Noticed an ogre
   771 | D:4      | Slain by an ogre

Vault maps used:
D:1:      wheals_arrival_linesprint
D:3:      first_ration
D:4:      regret_index_temple_of_mockery, nicolae_overflow_hidden_temple,
          gammafunk_temple_overflow_wave, nicolae_overflow_crystal_walls,
          kennysheep_ying_yang, tgw_trog, uniq_robin

Skill      XL: |  1  2  3  4 |
---------------+-------------+-----
Polearms       | 3 4 5 |  5.3
Fighting       | 4 |  4.9
Armour         | |  3.6
Shields        | |  3.6

Action                   |  1- 3 |  4- 6 || total
-------------------------+-------+-------++-------
Melee: Trident           |    67 |    29 ||    96
       Headbutt          |     4 |     5 ||     9
  Use: Scroll            |       |     4 ||     4
Armor: Scale mail        |    15 |     7 ||    22
Dodge: Dodged            |     9 |     7 ||    16
Block: Shield            |    21 |     8 ||    29

Table legend:
 A = Spawn XP
 B = Non-spawn XP
 C = Spawn XP percentage of total XP
 D = Spawn monster count
 E = Non-spawn monster count
 F = Spawn count percentage of total count
 G = Total turns spent on level
                    A         B        C        D         E        F      G
               +---------+---------+-------+---------+---------+-------+---------
         Total |       0 |     193 |   0.0 |       0 |      37 |   0.0 |   771
               +---------+---------+-------+---------+---------+-------+---------
           D:1 |       0 |      43 |   0.0 |       0 |      24 |   0.0 |   478
           D:2 |       0 |      75 |   0.0 |       0 |       2 |   0.0 |    43
           D:3 |       0 |       7 |   0.0 |       0 |       2 |   0.0 |   166
           D:4 |       0 |      68 |   0.0 |       0 |       9 |   0.0 |    84
               +---------+---------+-------+---------+---------+-------+---------

Vault maps used:
D:1:      wheals_arrival_linesprint
D:3:      first_ration
D:4:      regret_index_temple_of_mockery, nicolae_overflow_hidden_temple,
          gammafunk_temple_overflow_wave, nicolae_overflow_crystal_walls,
          kennysheep_ying_yang, tgw_trog, uniq_robin

Table legend:
 A = Turns spent in this place as a percentage of turns spent in the entire game.
 B = Non-inter-level travel turns spent in this place as a percentage of non-inter-level travel turns spent in the entire game.
 C = Inter-level travel turns spent in this place as a percentage of turns spent in this place.
 D = Turns resting spent in this place as a percentage of non-inter-level travel turns spent in this place.
 E = Turns spent auto-exploring this place as a percentage of non-inter-level travel turns spent in this place.
 F = Non-inter-level travel turns spent in this place divided by the number of levels of this place that you've seen.
                   A       B       C       D       E      F
               +-------+-------+-------+-------+-------+----------------------
         Total | 100.0 | 100.0 |   5.2 |   0.0 |  63.5 | 182.8
       Dungeon | 100.0 | 100.0 |   5.2 |   0.0 |  63.5 | 182.8
               +-------+-------+-------+-------+-------+----------------------

Table legend:
 A = Kills in this place as a percentage of kills in entire the game.
 B = Kills by you in this place as a percentage of kills by you in the entire game.
 C = Kills by friends in this place as a percentage of kills by friends in the entire game.
 D = Other kills in this place as a percentage of other kills in the entire game.
 E = Experience gained in this place as a percentage of experience gained in the entire game.
 F = Experience gained in this place divided by the number of levels of this place that you have seen.
                   A       B       C       D       E      F
               +-------+-------+-------+-------+-------+----------------------
         Total | 100.0 | 100.0 |   N/A |   N/A | 100.0 |  48.2
       Dungeon | 100.0 | 100.0 |   N/A |   N/A | 100.0 |  48.2
               +-------+-------+-------+-------+-------+----------------------
